 Dungeon Crawl Stone Soup version 0.26-a0-712-ga5a9c9c9d0 (webtiles) character file.

Game seed: 740711126446430681

49 kae the Insei (level 3, 0/23 HPs)
             Began as an Octopode Transmuter on Nov 6, 2020.
             Slain by an adder (5 damage)
             ... on level 2 of the Dungeon.
             The game lasted 00:00:39 (1650 turns).

kae the Insei (Octopode Transmuter)                 Turns: 1650, Time: 00:00:40

Health: 0/23       AC:  1    Str: 10    XL:     3   Next: 75%
Magic:  6/6        EV: 13    Int: 15    God:
Gold:   56         SH:  0    Dex: 12    Spells: 5/6 levels left

rFire    . . .     SeeInvis .     - Unarmed
rCold    . . .     Faith    .   (no shield)
rNeg     . . .     Spirit   .   (helmet restricted)
rPois    .         Reflect  .   (no amulet)
rElec    .         Harm     .   (no ring)
rCorr    .         Rampage  .   (no ring)
MR       .....                  (no ring)
Stlth    ++........             (no ring)
HPRegen  0.07/turn              (no ring)
MPRegen  0.10/turn              (no ring)
                                (no ring)
                                (no ring)

@: lethally poisoned (0 -> -4)
A: almost no armour, stealthy swim, amphibious, 8 rings, constrict 8, camouflage
1, gelatinous body 1
a: no special abilities


You were on level 2 of the Dungeon.
You visited 1 branch of the dungeon, and saw 2 of its levels.

You collected 56 gold pieces.

Inventory:

Jewellery
 d - an uncursed amulet of reflection {unknown}
Scrolls
 a - a scroll of amnesia {unknown}
 b - a scroll of blinking {unknown}
 e - a scroll of remove curse {unknown}
 g - a scroll of identify {unknown}
Potions
 c - a potion of curing {unknown}
 f - a potion of degeneration {unknown}
 h - a potion of cancellation {unknown}


   Skills:
 + Level 1.3 Fighting
 + Level 2.3 Dodging
 * Level 3.5 Unarmed Combat
 + Level 2.3 Spellcasting
 * Level 2.7 Transmutations


You had 5 spell levels left.
You knew the following spells:

 Your Spells              Type           Power        Failure   Level
a - Beastly Appendage     Tmut           #.....       7%          1

Your spell library contained the following spells:

 Spells                   Type           Power        Failure   Level
 Wereblood                Tmut           #.......     11%         2
 Spider Form              Tmut/Pois      #.........   36%         3
 Ice Form                 Ice/Tmut       #.......     77%         4
 Blade Hands              Tmut           #.........   89%         5


Dungeon Overview and Level Annotations

Branches:
Dungeon (2/15)

Altars:


Innate Abilities, Weirdness & Mutations

You cannot wear most types of armour.
You are very stealthy in the water. (Stealth+)
You are amphibious.
You can wear up to eight rings at the same time.
You can use your tentacles to constrict eight enemies at once.
Your skin changes colour to match your surroundings (Stealth+).
Your rubbery body absorbs attacks. (AC +1, EV +1)


Message History

You are poisoned.
The adder poisons you!
There are monsters nearby!
You are too injured to fight recklessly!
You are too injured to fight recklessly!
You are too injured to fight recklessly!
You are too injured to fight recklessly!
You barely miss the bat. Your grab misses the bat.
You feel sick. The bat closely misses you. The adder closely misses you.
You barely miss the adder. Your grab misses the adder. The bat hits you.
The adder bites you. The bat closely misses you.
You miss the adder. Your grab misses the adder.
You feel sick. The bat hits you but does no damage.
The adder bites you but does no damage. The bat hits you but does no damage.
The adder barely misses you.
You tentacle-slap the adder. You grab the adder.
The adder is moderately wounded.
You constrict the adder. The bat closely misses you. The bat hits you.
* * * LOW HITPOINT WARNING * * *
The adder bites you.
You die...

#.#..#######.#
#####...##
#.......#
#.....### #..>..##
#......#
#......###########
#...........)#...#
############....@#
###.lbS<.#
#......# ##.....#
##...... #.......
###...... ......


You could see an adder, a bat and a frilled lizard.

Vanquished Creatures
  3 oozes (D:1)
  3 dart slugs (D:1)
  A giant cockroach (D:1)
  2 goblins (D:1)
  5 hobgoblins
  3 jackals (D:1)
  A ball python (D:1)
  4 bats (D:1)
  3 frilled lizards (D:1)
  3 kobolds
  A rat (D:1)
29 creatures vanquished.

Notes
Turn   | Place    | Note
-------+----------+-------------------------------------------
     0 | D:1      | kae the Octopode Transmuter began the quest for the Orb.
     0 | D:1      | Reached XP level 1. HP: 13/13 MP: 3/3
   371 | D:1      | Reached XP level 2. HP: 14/18 MP: 3/5
   728 | D:1      | Reached XP level 3. HP: 15/23 MP: 6/6
  1650 | D:2      | Slain by an adder

Illustrated notes

Levels and vault maps discovered:
D:1:      dpeg_arrival_round_c, layout_loops_corners, supply_closet_lemuel,
          grunt_decor_cap, dk_noncrumbling_4
D:2:      minmay_door_path, layout_rooms

Action                   || total
-------------------------++-------
Melee: Unarmed           ||    69
       Kick              ||    12
       Constrict         ||    16
       Tentacles         ||     9
 Cast: Beastly Appendage ||    12
 Stab: Sleeping          ||     6
Armor: Skin              ||    10
Dodge: Dodged            ||    49

Table legend: (Time is in decaauts)
 A = Elapsed time spent in this place.
 B = Non-inter-level travel time spent in this place.
 C = Inter-level travel time spent in this place.
 D = Time resting spent in this place.
 E = Time spent auto-exploring this place.
 F = Levels seen in this place.
 G = Mean time per level.
                   A        B        C        D        E       F      G
               +--------+--------+--------+--------+--------+-----+--------+
         Total |   1645 |   1622 |     23 |      0 |   1423 |   2 |  822.5 |
       Dungeon |   1645 |   1622 |     23 |      0 |   1423 |   2 |  822.5 |
               +--------+--------+--------+--------+--------+-----+--------+

Top non-repeatable levels by time:
     D:1: 1600 daAuts
     D:2: 45 daAuts
